 Dungeon Crawl Stone Soup version 0.22.1-1-ga44c0e5 (webtiles) character file.

1477 Irenicus the Cleaver (level 8, -4/68 HPs)
             Began as a Deep Dwarf Monk on Oct 7, 2018.
             Was a Believer of Elyvilon.
             Slain by a bullfrog (5 damage)
             ... on level 7 of the Dungeon.
             The game lasted 00:15:15 (2196 turns).

Irenicus the Cleaver (Deep Dwarf Monk)              Turns: 2196, Time: 00:15:16

Health: -4/68      AC:  4    Str: 13 (15) XL:     8   Next: 49%
Magic:  2/2        EV: 13    Int: 10 (11) God:    Elyvilon [**....]
Gold:   39         SH:  0    Dex: 14 (17) Spells: 7/7 levels left

rFire    + . .     SeeInvis .   r - +1 hand axe (flame)
rCold    x . .     Gourm    .   (no shield)
rNeg     . . .     Faith    .   u - +2 robe "Lusmon" {rC- MR++ Regen+ Slay+2}
rPois    .         Spirit   .   (no helmet)
rElec    .         Reflect  .   (no cloak)
rCorr    .         Harm     .   (no gloves)
MR       +++..                  (no boots)
Stlth    +++.......             (no amulet)
HPRegen  0.00/turn              l - ring of protection from fire {rF+, !d}
MPRegen  0.08/turn              t - ring of stealth {Stlth+}

@: non-regenerating
A: damage resistance, heal wounds, sense surroundings 1, no regeneration
a: Heal Wounds, Lesser Healing, Heal Other, Divine Protection, Renounce Religion


You were on level 7 of the Dungeon.
You worshipped Elyvilon.
Elyvilon was pleased with you.
You were very hungry.

You visited 1 branch of the dungeon, and saw 7 of its levels.

You collected 187 gold pieces.
You spent 148 gold pieces at shops.

Inventory:

Hand Weapons
 a - a +0 hand axe
 f - a +1 whip of electrocution
   (You took it off a kobold on level 1 of the Dungeon)
 r - a +1 hand axe of flaming (weapon)
   (You found it on level 5 of the Dungeon)
Armour
 d - a +0 leather armour
   (You found it on level 1 of the Dungeon)
 i - a +0 buckler
   (You found it on level 2 of the Dungeon)
 u - the +2 robe "Lusmon" (worn) {rC- MR++ Regen+ Slay+2}
   (You bought it in a shop on level 6 of the Dungeon)

   It affects your accuracy and damage with ranged weapons and melee attacks
   (+2).
   It makes you vulnerable to cold.
   It affects your resistance to hostile enchantments.
   It increases your rate of regeneration.
 x - a +1 scale mail of cold resistance
   (You found it on level 4 of the Dungeon)
Magical Staves
 g - an uncursed staff of conjuration {!a}
   (You found it on level 2 of the Dungeon)
 k - an uncursed staff of fire {rF+}
   (You found it on level 5 of the Dungeon)
Jewellery
 l - a ring of protection from fire (left hand) {rF+, !d}
   (You found it on level 2 of the Dungeon)
 o - an uncursed ring of resist corrosion
   (You found it on level 3 of the Dungeon)
 t - a ring of stealth (right hand) {Stlth+}
   (You found it on level 5 of the Dungeon)
Scrolls
 b - a scroll of amnesia {unknown}
 e - a scroll of remove curse
 h - 2 scrolls of identify {unknown}
 m - a scroll of teleportation
 n - a scroll of enchant weapon {unknown}
 p - a scroll of noise {unknown}
 q - a scroll of immolation {!r}
 s - a scroll of fog {unknown}
Potions
 j - 2 potions of magic
Comestibles
 c - 6 rations


   Skills:
 - Level 2.7 Fighting
 + Level 11.7 Axes
 - Level 3.4 Dodging
 - Level 2.6 Stealth


You had 7 spell levels left.
You didn't know any spells.
Your spell library was empty.

Dungeon Overview and Level Annotations

Branches:
Dungeon (7/15)
 Temple: D:4-7

Altars:
Ashenzari
Elyvilon
Okawaru
Vehumet

Shops:
D:6 %*[[=

Annotations:
D:4 2 runed doors, Torikoriko's ghost, amateur MfIE
D:5 exclusion: Ijyb, Ijyb


Innate Abilities, Weirdness & Mutations

You are resistant to damage.
You can heal yourself by infusing magical energy.
You passively map a small area around you.
You do not regenerate.


Message History

The crimson imp hits you but does no damage.
You miss the crimson imp. You slash the crimson imp!
The crimson imp closely misses you. The crimson imp hits you.
* * * LOW HITPOINT WARNING * * *
You take 1 damage, and have 17/68 hp.
You hit the crimson imp. x2; The crimson imp closely misses you.
You hit the crimson imp.
You kill the crimson imp!
You hit the crimson imp. The crimson imp closely misses you.
The crimson imp misses you.
The crimson imp blinks!
There is a stone staircase leading down here.
The crimson imp blinks!
You climb downwards.
There is a stone staircase leading up here.
There is an entrance to Qaz Quel's Antique Armour Emporium here.
u - a ripped robe Thank you for shopping at Qaz Quel's Antique Armour Emporium!
Wear which item? (? for menu, Esc to quit)
You start removing your armour.
You continue taking off your +0 leather armour. x4
You finish taking off your +0 leather armour.
You start putting on your armour.
You continue putting on your ripped robe. x5
You finish putting on the +2 robe "Lusmon" {rC- MR++ Regen+ Slay+2}.
There is a stone staircase leading down here.
You climb downwards. 2 orcs and an orc priest come into view.
The orc priest is wielding a flail of holy wrath.
Found a stone staircase leading up.
There is a stone staircase leading up here.
An orc and an orc wizard come into view.
The helpless orc fails to defend itself.
You hit the orc. You burn the orc.
The orc wizard shouts!
The orc priest shouts!
You hear a shout! x3
The orc barely misses you.
You closely miss the orc priest.
The orc shouts!
You hit the orc. You burn the orc.
You kill the orc!
You hear a croak.
The orc priest barely misses you.
You hit the orc priest. You burn the orc priest.
The orc priest hits you with a flail of holy wrath.
* * * LOW HITPOINT WARNING * * *
You take 2 damage, and have 15/68 hp.
You hit the orc priest. You burn the orc priest. You hit the orc.
You burn the orc. You barely miss the orc priest. You hit the orc.
You burn the orc.
You kill the orc!
The orc priest barely misses you.
You hit the orc priest. You burn the orc priest.
You hit the orc wizard but do no damage.
The orc wizard casts a spell at you. The puff of flame hits you! You resist.
* * * LOW HITPOINT WARNING * * *
A human comes into view. It is wielding a hunting sling.
You take 1 damage, and have 14/68 hp.
You hit the orc priest. You burn the orc priest. You hit the orc wizard.
You burn the orc wizard.
The orc priest hits you with a flail of holy wrath!
* * * LOW HITPOINT WARNING * * *
You take 7 damage, and have 7/68 hp.
You slash the orc priest! You burn the orc priest.
You kill the orc priest!
You feel your strength returning.
You hit the orc wizard. You burn the orc wizard.
A bullfrog comes into view.
A human comes into view. It is wielding a club.
The bullfrog croaks.
You hit the orc wizard but do no damage.
The orc wizard hits you but does no damage.
You slash the orc wizard! You burn the orc wizard.
You kill the orc wizard!
You hit the orc. You burn the orc.
A human comes into view. It is wielding a hunting sling.
The orc hits you with a flail.
* * * LOW HITPOINT WARNING * * *
You take 2 damage, and have 5/68 hp.
The orc hits you with a flail.
* * * LOW HITPOINT WARNING * * *
Items here: )) [[ a dagger; a robe; a flail of holy wrath; a leather armour You take 1 damage, and have 4/68 hp.
The human shouts!
You slash the orc! You burn the orc.
You kill the orc!
You hear a shout! x2
A quokka comes into view.
The human unwields an uncursed hunting sling.
The human hits you.
* * * LOW HITPOINT WARNING * * *
Items here: )) [ † a flail; a war axe; a chain mail; an orc corpse You take 3 damage, and have 1/68 hp.
You hit the human but do no damage. The human hits you.
You slash the human! You burn the human. The human hits you but does no damage.
You hit the human. You burn the human. You hit the bullfrog.
You burn the bullfrog. The bullfrog hits you!
You die...

, * # ,,.. * *
... ,,
########....
####.....(..# * *
* #...........# *
* , , #..#F##..#
, #....@pp.# , ,,
* * #.##)##rp###
, , #.##.##.....
* **#..<....<....
,* *
........#....#.##
*
......#...####,#
* * ########.## ,
,, *.# , * ..


You could see 3 humans, a bullfrog and a quokka.

Vanquished Creatures
  A hippogriff (D:3)
  2 orc warriors (D:6)
  A centaur (D:6)
  Blork the orc (D:5)
  2 scorpions (D:4)
  3 howler monkeys
  2 crimson imps
  5 hounds
  3 orc priests
  2 iguanas
  3 worker ants
  7 orc wizards
  A hound zombie (D:6)
  A worker ant zombie (D:5)
  6 adders
  2 worms
  6 leopard geckos
  11 orcs
  4 bats
  2 giant cockroaches
  3 goblins
  5 hobgoblins
  7 jackals
  2 quokkas
  2 ball pythons
  A frilled lizard (D:2)
  A jackal skeleton (D:4)
  6 kobolds
  A leopard gecko skeleton (D:4)
  2 leopard gecko zombies (D:5)
  A quokka zombie (D:5)
96 creatures vanquished.

Notes
Turn   | Place    | Note
-------+----------+-------------------------------------------
     0 | D:1      | Irenicus the Deep Dwarf Monk began the quest for the Orb.
     0 | D:1      | Reached XP level 1. HP: 20/20 MP: 1/1
   206 | D:2      | Reached XP level 2. HP: 9/27 MP: 2/2
   209 | D:2      | HP: 6/27 [hobgoblin (1)]
   332 | D:2      | HP: 5/27 [goblin/club (1)]
   395 | D:1      | Reached skill level 4 in Axes
   569 | D:2      | Found a radiant altar of Vehumet.
   661 | D:2      | Reached XP level 3. HP: 33/33 MP: 3/3
   750 | D:3      | Found a shattered altar of Ashenzari.
   751 | D:3      | Found an iron altar of Okawaru.
   855 | D:4      | Noticed a scorpion
   860 | D:4      | Killed a scorpion
   860 | D:4      | Reached skill level 5 in Axes
   860 | D:4      | Reached XP level 4. HP: 28/40 MP: 4/4
   907 | D:4      | Reached skill level 6 in Axes
   907 | D:4      | Reached XP level 5. HP: 16/46 MP: 5/5
   987 | D:3      | Noticed a hippogriff
   993 | D:3      | Killed a hippogriff
   993 | D:3      | Reached skill level 7 in Axes
   993 | D:3      | Reached XP level 6. HP: 29/55 MP: 5/5
  1088 | D:4      | Found a runed door.
  1089 | D:4      | Noticed Torikoriko's ghost (amateur MfIE)
  1114 | D:4      | Found a runed door.
  1129 | D:4      | HP: 6/55 [orc priest/divine providence (11)]
  1133 | D:4      | Reached skill level 8 in Axes
  1234 | D:4      | Reached XP level 7. HP: 61/61 MP: 5/5
  1245 | D:4      | Reached skill level 9 in Axes
  1276 | D:5      | Entered Level 5 of the Dungeon
  1299 | D:5      | Noticed Ijyb
  1307 | D:6      | Found Qaz Quel's Antique Armour Emporium.
  1344 | D:6      | Found Lideatamp's Jewellery Emporium.
  1371 | D:6      | Irenicus: ?? umbra
  1371 | D:6      | beem: umbra[1/1]: An aura which doubles stealth, causes
                  | accuracy penalties and cancels out haloes. *+ Dithmenos
                  | worshippers and ***+ Yredelemnul worshippers are immune to
                  | the accuracy reduction. Produced by profane servitors,
                  | Dithmenos worshippers, and anyone who wears the {ring of
                  | shadows}.
  1371 | D:6      | Irenicus: ?? ring of shadow
  1371 | D:6      | beem: ring of shadow ~ ring of shadows[1/1]: Unrandart ring
                  | with {Umbra +Inv Stlth+}. Surrounds you in a 3-square
                  | radius {umbra}, increasing your stealth and reducing the
                  | accuracy of everyone (including yourself) attacking in or
                  | out of the umbra. Roughly the same as +3-5 EV. Yred/Dith
                  | followers, including profane servitors, are immune to the
                  | accuracy penalty. Halo and umbra cancel each other on
                  | overlap...
  1446 | D:6      | HP: 4/61 [orc warrior/trident (15)]
  1463 | D:6      | HP: 13/61 [something/puff of flame (3)]
  1524 | D:6      | Reached skill level 10 in Axes
  1543 | D:6      | Found Pawodo's Assorted Antiques.
  1624 | D:6      | HP: 14/61 [orc warrior/vampiric trident (12)]
  1630 | D:6      | HP: 8/61 [orc warrior/vampiric trident (12)]
  1639 | D:6      | Reached XP level 8. HP: 40/68 MP: 2/2
  1668 | D:6      | Found Vuxam's Food Shoppe.
  1760 | D:6      | Found Puty's Antique Armour Shop.
  1824 | D:6      | Found a white marble altar of Elyvilon.
  1836 | D:6      | Reached skill level 11 in Axes
  1844 | D:6      | Became a worshipper of Elyvilon the Healer
  1844 | D:6      | Reached * piety under Elyvilon
  1844 | D:6      | Reached ** piety under Elyvilon
  2048 | D:5      | Noticed Blork the orc
  2059 | D:5      | Killed Blork the orc
  2138 | D:5      | HP: 17/68 [crimson imp (1)]
  2162 | D:6      | Bought a ripped robe for 148 gold pieces
  2172 | D:6      | Identified the +2 robe "Lusmon" {rC- MR++ Regen+ Slay+2}
                  | (You bought it in a shop on level 6 of the Dungeon)
  2183 | D:7      | HP: 15/68 [orc priest/flail of holy wrath (2)]
  2187 | D:7      | HP: 7/68 [orc priest/flail of holy wrath (7)]
  2193 | D:7      | HP: 1/68 [human (3)]
  2196 | D:7      | Slain by a bullfrog

Skill      XL: |  1  2  3  4  5  6  7  8 |
---------------+-------------------------+-----
Axes           | 4 5 6 7 8 10 11 | 11.7
Fighting       | |  2.7
Dodging        | |  3.4
Stealth        | |  2.6

Action                   |  1- 3 |  4- 6 |  7- 9 || total
-------------------------+-------+-------+-------++-------
Melee: Hand axe          |    15 |       |    64 ||    79
       Whip              |    90 |   102 |   148 ||   340
       Staff             |       |       |     3 ||     3
Invok: Lesser Healing    |       |       |     1 ||     1
       Heal Other        |       |       |     1 ||     1
 Abil: Heal Wounds       |     1 |     2 |     7 ||    10
  Use: Potion            |       |     5 |     5 ||    10
       Scroll            |       |     2 |     3 ||     5
 Stab: Sleeping          |       |     1 |     1 ||     2
  Eat: Chunk             |       |     1 |     3 ||     4
Armor: Leather armour    |    36 |    17 |    31 ||    84
       Robe              |       |       |     2 ||     2
Dodge: Dodged            |    57 |    73 |   123 ||   253

Vault maps used:
D:1:      dpeg_arrival_solitude, grunt_decor_one_mirror
D:2:      vehumet_crystals
D:3:      gammafunk_temple_overflow_pools, first_ration, minmay_cupped
D:4:      cheibrodos_helix_gallery, minmay_temple_entry_glassed_door,
          ebering_ghost_sewer_f, serial_bayou_pond_b
D:5:      uniq_ijyb, uniq_blork_the_orc
D:6:      serial_shops, kennysheep_mini, nicolae_shop_overgrown_old_shop,
          nicolae_shop_trees, shop, nicolae_shop_behind_doors, basic_altar
D:7:      grunt_livestock, minmay_ruffians

Table legend:
 A = Turns spent in this place as a percentage of turns spent in the entire game.
 B = Non-inter-level travel turns spent in this place as a percentage of non-inter-level travel turns spent in the entire game.
 C = Inter-level travel turns spent in this place as a percentage of turns spent in this place.
 D = Turns resting spent in this place as a percentage of non-inter-level travel turns spent in this place.
 E = Turns spent auto-exploring this place as a percentage of non-inter-level travel turns spent in this place.
 F = Non-inter-level travel turns spent in this place divided by the number of levels of this place that you've seen.
                   A       B       C       D       E      F
               +-------+-------+-------+-------+-------+----------------------
         Total | 100.0 | 100.0 |   3.4 |   0.0 |   0.0 | 303.1
       Dungeon | 100.0 | 100.0 |   3.4 |   0.0 |   0.0 | 303.1
               +-------+-------+-------+-------+-------+----------------------

Table legend:
 A = Kills in this place as a percentage of kills in entire the game.
 B = Kills by you in this place as a percentage of kills by you in the entire game.
 C = Kills by friends in this place as a percentage of kills by friends in the entire game.
 D = Other kills in this place as a percentage of other kills in the entire game.
 E = Experience gained in this place as a percentage of experience gained in the entire game.
 F = Experience gained in this place divided by the number of levels of this place that you have seen.
                   A       B       C       D       E      F
               +-------+-------+-------+-------+-------+----------------------
         Total | 100.0 | 100.0 |   N/A |   N/A | 100.0 | 301.4
       Dungeon | 100.0 | 100.0 |   N/A |   N/A | 100.0 | 301.4
               +-------+-------+-------+-------+-------+----------------------
